 Dungeon Crawl Stone Soup version 0.23-b1 (webtiles) character file.

Game seed: 16806986678770192690

87 Kohma the Poker (level 4, 0/33 HPs)
             Began as a Merfolk Gladiator on Jan 30, 2019.
             Slain by a kobold (1 damage)
             ... on level 2 of the Dungeon.
             The game lasted 00:04:19 (1645 turns).

Kohma the Poker (Merfolk Gladiator)                 Turns: 1645, Time: 00:04:23

Health: 0/33       AC:  4    Str: 15    XL:     4   Next: 51%
Magic:  4/4        EV: 14    Int:  7    God:
Gold:   64         SH:  0    Dex: 15    Spells: 3/3 levels left

rFire    . . .     SeeInvis .   a - +0 trident
rCold    . . .     Gourm    .   (no shield)
rNeg     . . .     Faith    .   b - +0 leather armour
rPois    .         Spirit   .   c - +0 helmet
rElec    .         Reflect  .   (no cloak)
rCorr    .         Harm     .   (no gloves)
MR       .....                  (no boots)
Stlth    +.........             (no amulet)
HPRegen  0.11/turn              (no ring)
MPRegen  0.09/turn              (no ring)

@: slowed, very slow
A: change form in water, swift swim, stealthy swim
a: no special abilities


You were on level 2 of the Dungeon.
You were hungry.

You visited 1 branch of the dungeon, and saw 2 of its levels.

You collected 64 gold pieces.

Inventory:

Hand Weapons
 a - a +0 trident (weapon)
Missiles
 d - 3 throwing nets (quivered)
 g - 92 stones
 l - 2 tomahawks
 n - 5 javelins
Armour
 b - a +0 leather armour (worn)
 c - a +0 helmet (worn)
Scrolls
 e - 4 scrolls of identify
 i - a scroll of noise
 k - a scroll of fog {unknown}
 o - a scroll of teleportation {unknown}
Potions
 m - a potion of curing
Comestibles
 f - 2 rations
 h - 7 chunks of flesh


   Skills:
 - Level 2.1 Fighting
 * Level 6.6 Polearms
 - Level 2.0 Throwing
 + Level 5.1 Dodging


You had 3 spell levels left.
You didn't know any spells.
Your spell library was empty.

Dungeon Overview and Level Annotations

Branches:
Dungeon (2/15)

Altars:


Message History

* * * LOW HITPOINT WARNING * * *
The orc wizard closely misses you.
It was a potion of curing.
You feel better. The kobold misses you. The orc wizard closely misses you.
As you read the scroll labeled XIGUMO ZAJOU, it crumbles to dust.
It is a scroll of identify.
i - a scroll of noise You are feeling hungry.
The orc wizard casts a spell at you.
You feel yourself slow down. The kobold closely misses you.
The orc wizard gestures at you while chanting.
The magic dart hits you.
* * * LOW HITPOINT WARNING * * *
As you read the scroll labeled NIAMPI EBEEH, it crumbles to dust.
You feel blessed for a moment.
It was a scroll of remove curse.
The orc wizard gestures at you while chanting.
The magic dart hits you.
* * * LOW HITPOINT WARNING * * *
The kobold closely misses you. The orc wizard misses you. The kobold hits you.
You die...

#.# #..## ##.# #.###
#.o# . #.... #.## ##.
#..##. #o# #..
##..### #o# #.#
#...... #.# #.#
##...### #K# #.#
##....# #@#
##.###.....#
####o###..##......###
#......#.#....#.###..
#........#..........#
#......###......#####
#......#......###
#......#...#รท##
#......#.....#
#......#...###


You could see an orc priest, an orc wizard, 2 orcs and a kobold.

Vanquished Creatures
  Jessica (D:2)
  An adder (D:1)
  A worm (D:2)
  A ball python (D:1)
  6 bats (D:1)
  4 giant cockroaches
  5 goblins (D:1)
  8 hobgoblins
  4 jackals (D:1)
  3 frilled lizards (D:1)
  6 kobolds (D:1)
  6 rats (D:1)
46 creatures vanquished.

Notes
Turn   | Place    | Note
-------+----------+-------------------------------------------
     0 | D:1      | Kohma the Merfolk Gladiator began the quest for the Orb.
     0 | D:1      | Reached XP level 1. HP: 16/16 MP: 1/1
   351 | D:1      | Reached XP level 2. HP: 22/22 MP: 2/2
   355 | D:1      | Reached skill level 5 in Polearms
   752 | D:1      | Reached XP level 3. HP: 25/27 MP: 3/3
  1307 | D:2      | Noticed Jessica
  1317 | D:2      | Killed Jessica
  1317 | D:2      | Reached skill level 6 in Polearms
  1317 | D:2      | Reached XP level 4. HP: 33/33 MP: 4/4
  1334 | D:1      | Reached skill level 5 in Dodging
  1645 | D:2      | HP: 1/33 [orc wizard/magic dart (5)]
  1645 | D:2      | Slain by a kobold

Skill      XL: |  1  2  3  4 |
---------------+-------------+-----
Polearms       | 5 6 |  6.6
Dodging        | 5 |  5.1
Fighting       | |  2.1
Throwing       | |  2.0

Action                   |  1- 3 |  4- 6 || total
-------------------------+-------+-------++-------
Melee: Trident           |   134 |    31 ||   165
  Use: Scroll            |       |     2 ||     2
       Potion            |       |     1 ||     1
 Stab: Sleeping          |     2 |       ||     2
  Eat: Chunk             |     1 |     1 ||     2
Armor: Leather armour    |    27 |     6 ||    33
Dodge: Dodged            |    91 |    35 ||   126
